 Dungeon Crawl Stone Soup version 0.27.1-1-g398f81649c (webtiles) character file.

Game seed: 2956791067907659663

333 Waffleater7 the Chopper (level 6, -16/53 HPs)
             Began as a Hill Orc Fighter on Sept 16, 2021.
             Killed from afar by Dowan (19 damage)
             ... with a shard of ice
             ... on level 4 of the Dungeon.
             The game lasted 00:08:00 (2796 turns).

Waffleater7 the Chopper (Hill Orc Fighter)          Turns: 2796, Time: 00:08:01

Health: -16/53     AC:  7    Str: 21    XL:     6   Next: 53%
Magic:  6/6        EV:  8    Int: 14    God:
Gold:   158        SH: 10    Dex: 10    Spells: 5/5 levels left

rFire    . . .     SeeInvis .   a - +0 war axe
rCold    . . .     Faith    .   c - +0 kite shield
rNeg     . . .     Spirit   .   b - +0 scale mail
rPois    .         Reflect  .   (no helmet)
rElec    .         Harm     .   (no cloak)
rCorr    .         Rampage  .   (no gloves)
Will     .....                  (no boots)
Stlth    ..........             g - amulet of magic regeneration
HPRegen  0.17/turn              h - +6 ring of intelligence
MPRegen  0.35/turn              (no ring)

@: about to teleport
A: no striking features
a: no special abilities


You were on level 4 of the Dungeon.
You visited 1 branch of the dungeon, and saw 4 of its levels.

You collected 158 gold pieces.

Inventory:

Hand Weapons
 a - a +0 war axe (weapon)
Missiles
 e - 41 sling bullets
 l - 25 bolts
 n - 6 poisoned darts (quivered)
Armour
 b - a +0 scale mail (worn)
 c - a +0 kite shield (worn)
Jewellery
 g - an amulet of magic regeneration (around neck)
 h - a +6 ring of intelligence (left hand)
Scrolls
 j - a scroll of enchant armour {unknown}
 k - a scroll of vulnerability {unknown}
 m - a scroll of brand weapon {unknown}
Potions
 d - a potion of might


   Skills:
 + Level 4.7 Fighting
 + Level 5.6 Axes
 + Level 4.2 Armour
 + Level 0.6 Dodging
 + Level 5.1 Shields


You had 5 spell levels left.
You didn't know any spells.
Your spell library contained the following spells:

 Spells                   Type           Power      Damage    Failure   Level
 Apportation              Tloc           0%         N/A       95%         1
 Pain                     Necr           0%         1d4       95%         1
 Agony                    Necr           0%         N/A       100%        5
 Alistair's Intoxication  Tmut/Pois      0%         N/A       100%        5
 Excruciating Wounds      Necr           0%         N/A       100%        5
 Invisibility             Hex            0%         N/A       100%        6


Dungeon Overview and Level Annotations

Branches:
Dungeon (4/15)
 Temple: D:4-7

Altars:
Cheibriados
Kikubaaqudgha
Trog
Xom
Yredelemnul

Shops:
D:2 ?

Annotations:
D:4 Dowan


Message History

Your Shields skill increases to level 5!
You hit Dowan but do no damage. Dowan hits you but does no damage.
Dowan hits you with a +2 dagger of speed.
* * * LOW HITPOINT WARNING * * *
You block Dowan's attack.
You closely miss Dowan. You block Dowan's attack.
Dowan hits you but does no damage. x2
You closely miss Dowan.
Dowan shakes with grief.
Dowan barely misses you. Dowan hits you but does no damage.
Dowan hits you with a +2 dagger of speed.
* * * LOW HITPOINT WARNING * * *
You slash Dowan!
Dowan is moderately wounded.
Dowan mumbles some strange words.
Dowan blinks!
Blink to where?
Press: ? - help, Dir - move target
As you read the scroll of blinking, it crumbles to dust.
You open the door.
A ball python comes into view.
You block the ball python's attack. The ball python barely misses you.
The ball python bites you.
* * * LOW HITPOINT WARNING * * *
The ball python misses you.
There is an open door here.
You hit the ball python.
You kill the ball python!
Unknown command.
Dowan gestures wildly while chanting.
Dowan blinks!
There is an open door here.
You close the door.
As you read the scroll of teleportation, it crumbles to dust.
You feel strangely unstable.
Dowan opens the door.
You slash Dowan!
Dowan is almost dead.
Dowan points at you and mumbles some strange words.
The shard of ice hits you!!
You die...

#.....#####...###.###### #......
#.......##.............####......
#.###.#.#.................)...e..
#PP#...............#...####......
..##..#.#.......#.###### #......
...#..#.##.....##.# #......
..P#....###...###.# .......
.⌠.'....# ##.####e## .###.##
...#...## ### #@..# > .# ..P#..##
#.....# #. .# .P##.## #.......#
####.# #.........# ......
+.........+ ####.# #.........# .#
##.......## ##.....##


You could see Dowan (fast).

Vanquished Creatures
  Duvessa (D:4)
  An ogre (D:4)
  A hound (D:4)
  A bullfrog skeleton (D:3)
  A gnoll (D:1)
  3 adders (D:2)
  A worm (D:3)
  A dart slug (D:3)
  3 ball pythons
  5 endoplasms
  A giant cockroach (D:1)
  7 hobgoblins
  3 jackals (D:2)
  A quokka (D:1)
  7 bats
  4 frilled lizards
  9 goblins
  A kobold (D:1)
  14 rats
65 creatures vanquished.

Vanquished Creatures (others)
  A plant (D:4)
1 creature vanquished.

Grand Total: 66 creatures vanquished

Notes
Turn   | Place    | Note
-------+----------+-------------------------------------------
     0 | D:1      | Waffleater7 the Hill Orc Fighter began the quest for the
                  | Orb.
     0 | D:1      | Reached XP level 1. HP: 19/19 MP: 1/1
   352 | D:1      | Reached XP level 2. HP: 24/27 MP: 2/2
   528 | D:1      | Reached XP level 3. HP: 26/33 MP: 3/3
   644 | D:1      | Found a faded altar of an unknown god.
  1342 | D:2      | Found a shimmering altar of Xom.
  1376 | D:2      | Reached XP level 4. HP: 9/40 MP: 4/4
  1776 | D:2      | Found Geoz's Magic Scroll Shop.
  2007 | D:3      | Found a bloodstained altar of Trog.
  2158 | D:3      | Reached XP level 5. HP: 39/46 MP: 5/5
  2535 | D:4      | Found a snail-covered altar of Cheibriados.
  2538 | D:4      | Found an ancient bone altar of Kikubaaqudgha.
  2543 | D:4      | Noticed an ogre
  2545 | D:4      | Found a basalt altar of Yredelemnul.
  2553 | D:4      | Killed an ogre
  2554 | D:4      | Reached skill level 5 in Axes
  2554 | D:4      | Reached XP level 6. HP: 24/53 MP: 6/6
  2767 | D:4      | Noticed Duvessa
  2767 | D:4      | Noticed Dowan
  2778 | D:4      | Killed Duvessa
  2779 | D:4      | Reached skill level 5 in Shields
  2788 | D:4      | HP: 2/53 [ball python (3)]
  2796 | D:4      | Killed from afar by Dowan

Illustrated notes

Levels and vault maps discovered:
D:1:      kilobyte_arrival_exit_the_forest, layout_rooms,
          hellmonk_ecumenical_altar_lost_god
D:2:      layout_rooms, basic_altar, serial_shops, nicolae_diamond_shop,
          item_on_display_b
D:3:      layout_rooms, lemuel_crystal_altar
D:4:      layout_loops_corners, gammafunk_temple_overflow_forgotten,
          uniq_duvessa

Skill      XL: |  1  2  3  4  5  6 |
---------------+-------------------+-----
Fighting       | 4 |  4.7
Shields        | 4 5 |  5.1
Axes           | 3 4 5 |  5.6
Armour         | 4 |  4.2
Dodging        | |  0.6

Action                   |  1- 3 |  4- 6 || total
-------------------------+-------+-------++-------
Melee: War axe           |   106 |    85 ||   191
  Use: Potion            |     2 |       ||     2
       Scroll            |     1 |     3 ||     4
Armor: Scale mail        |    71 |    41 ||   112
Dodge: Dodged            |    48 |    26 ||    74
Block: Kite shield       |    82 |    70 ||   152
